Blue Jackets vs Flyers

Created - 20 avril 2022 at 17:23

Goals
1 2 3 T
Blue Jackets 0 1 2 3
Flyers 0 1 0 1
Shots
1 2 3 T
Blue Jackets 9 12 16 37
Flyers 13 12 11 36

1st period

No Goal

Penalties :
No Penalty

2nd period

1. Blue Jackets , Erik Cernak 6 (Josh Bailey 46, Tom Wilson 16) at 8:32
2. Flyers , Justin Schultz 1 (Dylan Cozens 9, Gabriel Vilardi 19) at 11:43

Penalties :
Tyler Seguin (CLB) for Holding Stick (Minor) at 9:09, Tom Wilson (CLB) for Tripping (Minor) at 11:52

3rd period

3. Blue Jackets , Brandon Saad 9 (Andreas Athanasiou 27, Ryan Suter 27) at 16:44
4. Blue Jackets , Matt Duchene 28 (Josh Bailey 47) at 19:01

Penalties :
Frank Vatrano (CLB) for High sticking (Minor) at 4:40

Goalie Stats

Tristan Jarry (CLB), 35 saves from 36 shots - (0,972), W, 26-23-4, 60:00 minutes
Kevin Lankinen (PHI), 34 saves from 37 shots - (0,919), L, 14-11-8, 60:00 minutes

Players Stats for Blue Jackets

Player Name              G  A  P  +/- PIM S  H  SB GA TA FO     MP     PP MP  PK MP  
------------------------------------------------------------------------------------
Andreas Athanasiou       0  1  1   1  0   5  2  2  0  0  0/2    15:04   0:00   2:05 
Brandon Saad             1  0  1   1  0   2  1  0  0  0  0/0    14:44   0:00   1:45 
Brenden Dillon           0  0  0   2  0   1  4  3  0  1  0/0    27:34   0:00   3:25 
Brett Howden             0  0  0   0  0   0  0  0  0  0  2/3     8:20   0:00   0:50 
Connor Murphy            0  0  0   0  0   1  0  2  0  0  0/0    20:37   0:00   2:32 
Erik Cernak              1  0  1   0  0   4  0  0  1  0  0/0    20:37   0:00   2:32 
Frank Vatrano            0  0  0   0  2   0  0  0  0  0  0/0     7:41   0:00   0:00 
Janne Kuokkanen          0  0  0   0  0   1  0  0  0  0  0/0     7:30   0:00   0:00 
Joonas Donskoi           0  0  0   0  0   2  1  0  0  0  0/0    15:30   0:00   0:00 
Josh Bailey              0  2  2   1  0   5  1  1  2  0  2/3    20:53   0:00   3:13 
Matt Duchene             1  0  1   1  0   3  2  0  1  0  17/29  19:03   0:00   0:59 
Mike Reilly              0  0  0   0  0   1  1  1  0  1  0/0    11:49   0:00   0:00 
Nicolas Hague            0  0  0   0  0   0  0  0  0  1  0/0    11:49   0:00   0:00 
Ryan Suter               0  1  1   2  0   2  2  0  0  1  0/0    27:34   0:00   3:25 
Tanner Pearson           0  0  0   0  0   3  2  1  1  0  0/0    16:53   0:00   0:59 
Tom Wilson               0  1  1   1  2   4  2  0  0  0  2/3    20:06   0:00   2:03 
Tyler Seguin             0  0  0   0  2   1  1  1  1  1  5/14   15:52   0:00   0:00 
Vladislav Namestnikov    0  0  0   1  0   2  0  0  0  2  3/9    12:24   0:00   0:00 

Players Stats for Flyers

Player Name              G  A  P  +/- PIM S  H  SB GA TA FO     MP     PP MP  PK MP  
------------------------------------------------------------------------------------
Anthony Cirelli          0  0  0  -2  0   3  0  1  1  0  9/18   19:11   2:31   0:00 
Calle Jarnkrok           0  0  0   0  0   1  1  0  1  0  0/1    12:36   0:01   0:00 
Drew O'Connor            0  0  0   1  0   0  1  0  2  0  1/1     7:43   0:00   0:00 
Dylan Cozens             0  1  1   1  0   2  0  0  1  0  0/0     7:43   0:00   0:00 
Gabriel Vilardi          0  1  1   1  0   0  0  0  0  1  1/2     7:43   0:00   0:00 
Jakub Vrana              0  0  0   0  0   4  1  0  0  0  0/2    12:36   0:01   0:00 
John Marino              0  0  0  -1  0   0  1  3  0  2  0/0    22:40   2:28   0:00 
Justin Holl              0  0  0  -1  0   1  1  2  0  0  0/0    22:45   2:28   0:00 
Justin Schultz           1  0  1   0  0   2  0  2  0  0  0/0    13:55   0:00   0:00 
Kevin Fiala              0  0  0   0  0   3  2  0  1  0  0/1    20:13   3:25   0:00 
Leon Draisaitl           0  0  0  -1  0   6  3  0  0  0  13/27  20:30   3:25   0:00 
MacKenzie Weegar         0  0  0  -1  0   1  3  1  0  0  0/0    23:25   3:29   0:00 
Martin Necas             0  0  0  -3  0   6  0  0  0  1  0/0    19:28   2:31   0:00 
Noah Hanifin             0  0  0  -1  0   0  0  3  0  0  0/0    23:20   3:29   0:00 
Patrick Kane             0  0  0  -1  0   4  0  0  0  2  0/1    20:30   3:25   0:00 
Patrik Nemeth            0  0  0   0  0   1  1  2  0  0  0/0    13:55   0:00   0:00 
Scott Laughton           0  0  0   0  0   0  4  0  0  0  8/9    12:36   0:01   0:00 
Travis Konecny           0  0  0  -2  0   2  2  2  1  0  0/1    19:11   2:31   0:00 

3 Stars

1 - Tristan Jarry (CLB)
2 - Matt Duchene (CLB)
3 - Josh Bailey (CLB)

Power Play

Blue Jackets - 0 on 0 Attempt(s) - 0,00%
Flyers - 0 on 3 Attempt(s) - 0,00%

Penalty Kill

Blue Jackets - 3 on 3 Attempt(s) - 100,00% - Score 0 goal in Penalty Kill
Flyers - 0 on 0 Attempt(s) - 0,00% - Score 0 goal in Penalty Kill

Team Stat

Blue Jackets - Hits : 19 - Faceoff Wins : 31 - Blocked Shots : 11 - Penalty Minutes : 6
Flyers - Hits : 20 - Faceoff Wins : 32 - Blocked Shots : 16 - Penalty Minutes : 0

Official

Referees : Dean Morton and Conor O'Donnell
Linesman : Justin Cornell and Jonny Murray

Game Notes

8:15 of 2nd period - Blue Jackets goal is going for a video replay. After video review, No Goal. The puck has been directed, batted or thrown into the net by an attacking player other than with a stick.

Finance

Level 1 -- Attendance: 6000 (100,00%) -- Ticket Income 570 000 $
Level 2 -- Attendance: 5000 (100,00%) -- Ticket Income 270 000 $
Level 3 -- Attendance: 2000 (100,00%) -- Ticket Income 66 000 $
Level 4 -- Attendance: 4000 (100,00%) -- Ticket Income 88 000 $
Luxury Box -- Attendance: 1000 (100,00%) -- Ticket Income 165 000 $
Game was played at the Spectrum.
Total Attendance: 18000 (100,00%)
Total Ticket Income: 1 159 000 $
Other Income: 567 910 $
Total Income: 1 726 910 $

Blue Jackets

5 vs 5 Forward 
   Center                   Left Wing                Right Wing               Time % Phy DF OF 
 1 Matt Duchene             Josh Bailey              Tom Wilson               40     1   2  2  
 2 Tyler Seguin             Tanner Pearson           Joonas Donskoi           30     1   2  2  
 3 Vladislav Namestnikov    Andreas Athanasiou       Brandon Saad             20     1   2  2  
 4 Brett Howden             Janne Kuokkanen          Frank Vatrano            10     1   2  2  

5 vs 5 Defense 
   Defense                  Defense                                           Time % Phy DF OF 
 1 Ryan Suter               Brenden Dillon                                    40     1   2  2  
 2 Connor Murphy            Erik Cernak                                       30     1   2  2  
 3 Mike Reilly              Nicolas Hague                                     20     1   2  2  
 4 Ryan Suter               Brenden Dillon                                    10     1   2  2  

PowerPlay Forward 
   Center                   Left Wing                Right Wing               Time % Phy DF OF 
 1 Josh Bailey              Matt Duchene             Tom Wilson               60     1   2  2  
 2 Tyler Seguin             Tanner Pearson           Joonas Donskoi           40     1   2  2  

PowerPlay Defense
   Defense                  Defense                                           Time % Phy DF OF 
 1 Ryan Suter               Brenden Dillon                                    60     1   2  2  
 2 Connor Murphy            Erik Cernak                                       40     1   2  2  

Penalty Kill 4 Players Forward 
   Center                   Wing                     Time % Phy DF OF 
 1 Tom Wilson               Josh Bailey              60     1   2  2  
 2 Matt Duchene             Tanner Pearson           40     1   2  2  

Penalty Kill 4 Players Defense
   Defense                  Defense                  Time % Phy DF OF 
 1 Ryan Suter               Brenden Dillon           60     1   2  2  
 2 Connor Murphy            Erik Cernak              40     1   2  2  

Penalty Kill - 3 Players Forward 
   Forward                                           Time % Phy DF OF 
 1 Tom Wilson                                        60     1   2  2  
 2 Josh Bailey                                       40     1   2  2  

Penalty Kill - 3 Players Defense
   Defense                  Defense                  Time % Phy DF OF 
 1 Ryan Suter               Brenden Dillon           60     1   2  2  
 2 Connor Murphy            Erik Cernak              40     1   2  2  

4 vs 4 Forward 
   Center                   Wing                     Time % Phy DF OF 
 1 Tom Wilson               Josh Bailey              60     1   2  2  
 2 Matt Duchene             Tanner Pearson           40     1   2  2  

4 vs 4 Defense
   Defense                  Defense                  Time % Phy DF OF 
 1 Ryan Suter               Brenden Dillon           60     1   2  2  
 2 Connor Murphy            Erik Cernak              40     1   2  2  

Last Minutes Offensive
   Center                   Left Wing                Right Wing               Defense                  Defense                  
   Josh Bailey              Matt Duchene             Tom Wilson               Ryan Suter               Brenden Dillon           

Last Minutes Defensive
   Center                   Left Wing                Right Wing               Defense                  Defense                  
   Josh Bailey              Matt Duchene             Tom Wilson               Ryan Suter               Brenden Dillon           

Goaltenders
Starting : Tristan Jarry            
Backup : Logan Thompson           

Extra Forwards
Normal : Brett Howden, Vladislav Namestnikov, Andreas Athanasiou - PP : Brett Howden, Vladislav Namestnikov - PK : Andreas Athanasiou
Extra Defensemen
Normal : Mike Reilly, Nicolas Hague, Connor Murphy - PP : Mike Reilly - PK : Nicolas Hague, Connor Murphy
Penalty Shots
Tom Wilson, Josh Bailey, Matt Duchene, Tanner Pearson, Tyler Seguin
Custom OT Lines Forwards
Tom Wilson, Josh Bailey, Matt Duchene, Tanner Pearson, Tyler Seguin, Joonas Donskoi, Vladislav Namestnikov, Andreas Athanasiou, Brandon Saad, Frank Vatrano
Custom OT Lines Defensemen
Ryan Suter, Brenden Dillon, Connor Murphy, Erik Cernak, Mike Reilly

Scratches
Dillon Dube (Healthy), Connor Clifton (Healthy)

Flyers

5 vs 5 Forward 
   Center                   Left Wing                Right Wing               Time % Phy DF OF 
 1 Leon Draisaitl           Patrick Kane             Kevin Fiala              34     0   3  2  
 2 Anthony Cirelli          Martin Necas             Travis Konecny           33     0   3  2  
 3 Scott Laughton           Jakub Vrana              Calle Jarnkrok           23     0   3  2  
 4 Gabriel Vilardi          Drew O'Connor            Dylan Cozens             10     0   3  2  

5 vs 5 Defense 
   Defense                  Defense                                           Time % Phy DF OF 
 1 Justin Holl              MacKenzie Weegar                                  37     0   4  1  
 2 John Marino              Noah Hanifin                                      37     0   4  1  
 3 Patrik Nemeth            Justin Schultz                                    26     0   5  0  
 4 Justin Schultz           Noah Hanifin                                      0      0   5  0  

PowerPlay Forward 
   Center                   Left Wing                Right Wing               Time % Phy DF OF 
 1 Leon Draisaitl           Patrick Kane             Kevin Fiala              60     0   0  5  
 2 Anthony Cirelli          Martin Necas             Travis Konecny           40     0   0  5  

PowerPlay Defense
   Defense                  Defense                                           Time % Phy DF OF 
 1 Noah Hanifin             MacKenzie Weegar                                  60     0   1  4  
 2 John Marino              Justin Holl                                       40     0   1  4  

Penalty Kill 4 Players Forward 
   Center                   Wing                     Time % Phy DF OF 
 1 Scott Laughton           Calle Jarnkrok           60     1   4  0  
 2 Leon Draisaitl           Anthony Cirelli          40     1   4  0  

Penalty Kill 4 Players Defense
   Defense                  Defense                  Time % Phy DF OF 
 1 Justin Holl              Patrik Nemeth            60     1   4  0  
 2 MacKenzie Weegar         Noah Hanifin             40     1   4  0  

Penalty Kill - 3 Players Forward 
   Forward                                           Time % Phy DF OF 
 1 Calle Jarnkrok                                    60     1   4  0  
 2 Scott Laughton                                    40     1   4  0  

Penalty Kill - 3 Players Defense
   Defense                  Defense                  Time % Phy DF OF 
 1 Justin Holl              Patrik Nemeth            60     1   4  0  
 2 MacKenzie Weegar         Noah Hanifin             40     1   4  0  

4 vs 4 Forward 
   Center                   Wing                     Time % Phy DF OF 
 1 Leon Draisaitl           Patrick Kane             60     0   2  3  
 2 Scott Laughton           Martin Necas             40     0   4  1  

4 vs 4 Defense
   Defense                  Defense                  Time % Phy DF OF 
 1 John Marino              MacKenzie Weegar         60     0   4  1  
 2 John Marino              Justin Holl              40     0   4  1  

Last Minutes Offensive
   Center                   Left Wing                Right Wing               Defense                  Defense                  
   Leon Draisaitl           Patrick Kane             Martin Necas             Noah Hanifin             MacKenzie Weegar         

Last Minutes Defensive
   Center                   Left Wing                Right Wing               Defense                  Defense                  
   Scott Laughton           Justin Holl              Calle Jarnkrok           Noah Hanifin             MacKenzie Weegar         

Goaltenders
Starting : Kevin Lankinen           
Backup : Ilya Samsonov            

Extra Forwards
Normal : Jakub Vrana, Calle Jarnkrok, Scott Laughton - PP : Jakub Vrana, Calle Jarnkrok - PK : Justin Holl
Extra Defensemen
Normal : Patrik Nemeth, Noah Hanifin, Justin Holl - PP : Justin Holl - PK : Noah Hanifin, John Marino
Penalty Shots
Leon Draisaitl, Patrick Kane, Jakub Vrana, Travis Konecny, Calle Jarnkrok
Custom OT Lines Forwards
Leon Draisaitl, Patrick Kane, Kevin Fiala, Anthony Cirelli, Justin Holl, Martin Necas, Calle Jarnkrok, Travis Konecny, Jakub Vrana, Scott Laughton
Custom OT Lines Defensemen
MacKenzie Weegar, Noah Hanifin, Justin Holl, Patrik Nemeth, Justin Schultz

Scratches
Aaron Ekblad (Torn Left MCL Injury), Wade Allison (Healthy)

% Time on Ice - Blue Jackets

Lines # - Real PCT - Wanted PCT - Time Play
Normal Forward
1 - 33% - 40% - 17:59
2 - 30% - 30% - 15:54
3 - 23% - 20% - 12:24
4 - 14% - 10% - 7:30
Normal Defense
1 - 36% - 40% - 19:31
2 - 34% - 30% - 18:05
3 - 22% - 20% - 11:49
4 - 8% - 10% - 4:22
PP Forward
1 - 0% - 60%
2 - 0% - 40%
PP Defense
1 - 0% - 60%
2 - 0% - 40%
PK Forward
1 - 83% - 60% - 4:58
2 - 17% - 40% - 0:59
PK Defense
1 - 57% - 60% - 3:25
2 - 43% - 40% - 2:32
PK3 Forward
1 - 0% - 60%
2 - 0% - 40%
PK3 Defense
1 - 0% - 60%
2 - 0% - 40%
44 Forward
1 - 0% - 60%
2 - 0% - 40%
44 Defense
1 - 0% - 60%
2 - 0% - 40%
Last Minute Offensive  - 0:00
Last Minute Defensive  - 0:16
Total
Forward - 60:00
Defense - 60:00

% Time on Ice - Flyers

Lines # - Real PCT - Wanted PCT - Time Play
Normal Forward
1 - 32% - 34% - 17:08
2 - 31% - 33% - 16:40
3 - 23% - 23% - 12:15
4 - 14% - 10% - 7:43
Normal Defense
1 - 37% - 37% - 19:56
2 - 37% - 37% - 19:55
3 - 26% - 26% - 13:55
4 - 0% - 0% - 0:00
PP Forward
1 - 58% - 60% - 3:26
2 - 42% - 40% - 2:31
PP Defense
1 - 59% - 60% - 3:29
2 - 41% - 40% - 2:28
PK Forward
1 - 0% - 60%
2 - 0% - 40%
PK Defense
1 - 0% - 60%
2 - 0% - 40%
PK3 Forward
1 - 0% - 60%
2 - 0% - 40%
PK3 Defense
1 - 0% - 60%
2 - 0% - 40%
44 Forward
1 - 0% - 60%
2 - 0% - 40%
44 Defense
1 - 0% - 60%
2 - 0% - 40%
Last Minute Offensive  - 0:17
Last Minute Defensive  - 0:00
Total
Forward - 60:00
Defense - 60:00

Play-by-Play

1st period


0:01 of 1st period - Matt Duchene wins face-off versus Leon Draisaitl in neutral zone.
0:06 of 1st period - Wrist shot by Josh Bailey.
0:06 of 1st period - Stopped by Kevin Lankinen without a rebound.
0:07 of 1st period - Leon Draisaitl wins face-off versus Matt Duchene in Flyers zone.
0:35 of 1st period - Snap shot by Tyler Seguin.
0:35 of 1st period - Stopped by Kevin Lankinen with a rebound.
1:03 of 1st period - Slapshot by Leon Draisaitl.
1:03 of 1st period - Stopped by Tristan Jarry without a rebound.
1:04 of 1st period - Brett Howden wins face-off versus Anthony Cirelli in Blue Jackets zone.
1:10 of 1st period - Off-side.
1:11 of 1st period - Brett Howden wins face-off versus Anthony Cirelli in neutral zone.
3:01 of 1st period - Slapshot by Jakub Vrana.
3:01 of 1st period - Stopped by Tristan Jarry with a rebound.
3:07 of 1st period - Wrist shot by Janne Kuokkanen.
3:07 of 1st period - Shot Blocked by Patrik Nemeth.
3:21 of 1st period - Drew O'Connor is hit by Ryan Suter.
4:53 of 1st period - Snap shot by Joonas Donskoi.
4:53 of 1st period - Shot Misses the Net.
5:09 of 1st period - Wrist shot by Andreas Athanasiou.
5:09 of 1st period - Stopped by Kevin Lankinen with a rebound.
5:31 of 1st period - Snap shot by Kevin Fiala.
5:31 of 1st period - Stopped by Tristan Jarry with a rebound.
6:09 of 1st period - Wrist shot by Tanner Pearson.
6:09 of 1st period - Shot Blocked by Justin Holl.
6:49 of 1st period - Brett Howden is hit by Patrik Nemeth and loses puck.
7:00 of 1st period - Slapshot by Leon Draisaitl.
7:00 of 1st period - Stopped by Tristan Jarry with a rebound.
7:14 of 1st period - Wrist shot by Janne Kuokkanen.
7:14 of 1st period - Stopped by Kevin Lankinen with a rebound.
7:16 of 1st period - Snap shot by Erik Cernak.
7:16 of 1st period - Shot Blocked by Justin Holl.
8:36 of 1st period - Wrist shot by Jakub Vrana.
8:36 of 1st period - Shot Hit the Post.
8:38 of 1st period - Snap shot by Gabriel Vilardi.
8:38 of 1st period - Shot Misses the Net.
8:40 of 1st period - Snap shot by Patrik Nemeth.
8:40 of 1st period - Stopped by Tristan Jarry without a rebound.
8:41 of 1st period - Matt Duchene wins face-off versus Gabriel Vilardi in Blue Jackets zone.
8:54 of 1st period - Drew O'Connor is hit by Brenden Dillon and loses puck.
9:07 of 1st period - Connor Murphy is hit by Travis Konecny and loses puck.
9:16 of 1st period - Slapshot by Travis Konecny.
9:16 of 1st period - Stopped by Tristan Jarry without a rebound.
9:17 of 1st period - Anthony Cirelli wins face-off versus Matt Duchene in Blue Jackets zone.
9:30 of 1st period - Wrist shot by Anthony Cirelli.
9:30 of 1st period - Shot Blocked by Brenden Dillon.
9:32 of 1st period - Slapshot by Justin Holl.
9:32 of 1st period - Shot Misses the Net.
10:15 of 1st period - Snap shot by Brandon Saad.
10:15 of 1st period - Stopped by Kevin Lankinen without a rebound.
10:16 of 1st period - Anthony Cirelli wins face-off versus Matt Duchene in Flyers zone.
10:19 of 1st period - Slapshot by Matt Duchene.
10:19 of 1st period - Shot Misses the Net.
10:21 of 1st period - Slapshot by Ryan Suter.
10:21 of 1st period - Stopped by Kevin Lankinen with a rebound.
11:48 of 1st period - Snap shot by Frank Vatrano.
11:48 of 1st period - Shot Blocked by Travis Konecny.
11:50 of 1st period - Snap shot by Janne Kuokkanen.
11:50 of 1st period - Shot Blocked by Justin Schultz.
11:52 of 1st period - Snap shot by Brett Howden.
11:52 of 1st period - Deflect By Janne Kuokkanen.
11:52 of 1st period - Shot Misses the Net.
11:52 of 1st period - Puck is out of play.
11:53 of 1st period - Tyler Seguin wins face-off versus Patrick Kane in Flyers zone.
11:54 of 1st period - Snap shot by Joonas Donskoi.
11:54 of 1st period - Stopped by Kevin Lankinen with a rebound.
11:56 of 1st period - Slapshot by Brenden Dillon.
11:56 of 1st period - Shot Misses the Net.
11:58 of 1st period - Slapshot by Tanner Pearson.
11:58 of 1st period - Stopped by Kevin Lankinen without a rebound.
11:59 of 1st period - Leon Draisaitl wins face-off versus Tyler Seguin in Flyers zone.
12:14 of 1st period - Snap shot by Tyler Seguin.
12:14 of 1st period - Shot Blocked by Noah Hanifin.
12:50 of 1st period - Andreas Athanasiou is hit by Jakub Vrana and loses puck.
13:04 of 1st period - Icing by Andreas Athanasiou.
13:05 of 1st period - Gabriel Vilardi wins face-off versus Vladislav Namestnikov in Blue Jackets zone.
13:14 of 1st period - Wrist shot by Matt Duchene.
13:14 of 1st period - Shot Misses the Net.
13:36 of 1st period - Wrist shot by Travis Konecny.
13:36 of 1st period - Shot Blocked by Brenden Dillon.
13:41 of 1st period - Icing by Tyler Seguin.
13:42 of 1st period - Anthony Cirelli wins face-off versus Tyler Seguin in Blue Jackets zone.
14:07 of 1st period - Brenden Dillon is hit by Scott Laughton and loses puck.
14:14 of 1st period - Slapshot by Calle Jarnkrok.
14:14 of 1st period - Stopped by Tristan Jarry with a rebound.
14:33 of 1st period - Josh Bailey is hit by Kevin Fiala and loses puck.
14:42 of 1st period - Wrist shot by Kevin Fiala.
14:42 of 1st period - Shot Blocked by Brenden Dillon.
14:44 of 1st period - Wrist shot by Kevin Fiala.
14:44 of 1st period - Shot Misses the Net.
14:53 of 1st period - Off-side.
14:54 of 1st period - Vladislav Namestnikov wins face-off versus Anthony Cirelli in neutral zone.
14:56 of 1st period - Off-side.
14:57 of 1st period - Anthony Cirelli wins face-off versus Andreas Athanasiou in neutral zone.
15:12 of 1st period - Snap shot by Travis Konecny.
15:12 of 1st period - Stopped by Tristan Jarry with a rebound.
15:14 of 1st period - Wrist shot by Martin Necas.
15:14 of 1st period - Shot Misses the Net.
15:16 of 1st period - Slapshot by Anthony Cirelli.
15:16 of 1st period - Shot Blocked by Andreas Athanasiou.
15:20 of 1st period - Snap shot by Martin Necas.
15:20 of 1st period - Stopped by Tristan Jarry with a rebound.
15:44 of 1st period - Wrist shot by Martin Necas.
15:44 of 1st period - Stopped by Tristan Jarry without a rebound.
15:45 of 1st period - Matt Duchene wins face-off versus Leon Draisaitl in Blue Jackets zone.
16:10 of 1st period - Tyler Seguin is hit by MacKenzie Weegar and loses puck.
16:31 of 1st period - Snap shot by Gabriel Vilardi.
16:31 of 1st period - Shot Blocked by Mike Reilly.
16:39 of 1st period - Wrist shot by Dylan Cozens.
16:39 of 1st period - Stopped by Tristan Jarry with a rebound.
16:41 of 1st period - Wrist shot by Dylan Cozens.
16:41 of 1st period - Stopped by Tristan Jarry with a rebound.
17:24 of 1st period - Snap shot by Tyler Seguin.
17:24 of 1st period - Deflect By John Marino.
17:24 of 1st period - Shot Misses the Net.
17:24 of 1st period - Puck is out of play.
17:25 of 1st period - Scott Laughton wins face-off versus Tyler Seguin in Flyers zone.
17:50 of 1st period - Anthony Cirelli is hit by Tom Wilson and loses puck.
18:01 of 1st period - Ryan Suter is hit by Travis Konecny and loses puck.
18:19 of 1st period - Wrist shot by Matt Duchene.
18:19 of 1st period - Deflect By Tom Wilson.
18:19 of 1st period - Stopped by Kevin Lankinen without a rebound.
18:20 of 1st period - Tyler Seguin wins face-off versus Leon Draisaitl in Flyers zone.
18:35 of 1st period - Snap shot by Leon Draisaitl.
18:35 of 1st period - Stopped by Tristan Jarry with a rebound.
19:06 of 1st period - Joonas Donskoi is hit by Scott Laughton and loses puck.
19:47 of 1st period - Wrist shot by Andreas Athanasiou.
19:47 of 1st period - Shot Misses the Net.
Goals for this period are 0 for Blue Jackets vs 0 for Flyers.
Shots for this period are 9 for Blue Jackets vs 13 for Flyers.

2nd period


0:01 of 2nd period - Matt Duchene wins face-off versus Leon Draisaitl in neutral zone.
0:10 of 2nd period - Slapshot by Kevin Fiala.
0:10 of 2nd period - Deflect By Patrick Kane.
0:10 of 2nd period - Shot Misses the Net.
0:10 of 2nd period - Puck is out of play.
0:11 of 2nd period - Leon Draisaitl wins face-off versus Matt Duchene in Blue Jackets zone.
1:07 of 2nd period - Icing by Joonas Donskoi.
1:08 of 2nd period - Leon Draisaitl wins face-off versus Tyler Seguin in Blue Jackets zone.
1:21 of 2nd period - Slapshot by Joonas Donskoi.
1:21 of 2nd period - Shot Hit the Post.
1:23 of 2nd period - Slapshot by Erik Cernak.
1:23 of 2nd period - Stopped by Kevin Lankinen with a rebound.
1:25 of 2nd period - Slapshot by Joonas Donskoi.
1:25 of 2nd period - Shot Blocked by Justin Schultz.
1:27 of 2nd period - Wrist shot by Tyler Seguin.
1:27 of 2nd period - Shot Blocked by Patrik Nemeth.
1:41 of 2nd period - Snap shot by Tyler Seguin.
1:41 of 2nd period - Shot Misses the Net.
1:43 of 2nd period - Wrist shot by Tanner Pearson.
1:43 of 2nd period - Stopped by Kevin Lankinen with a rebound.
1:45 of 2nd period - Wrist shot by Tanner Pearson.
1:45 of 2nd period - Shot Misses the Net.
1:47 of 2nd period - Slapshot by Erik Cernak.
1:47 of 2nd period - Stopped by Kevin Lankinen without a rebound.
1:48 of 2nd period - Anthony Cirelli wins face-off versus Matt Duchene in Flyers zone.
1:48 of 2nd period - Anthony Cirelli is hit by Matt Duchene.
2:14 of 2nd period - Brenden Dillon is hit by Scott Laughton and loses puck.
4:16 of 2nd period - Snap shot by Andreas Athanasiou.
4:16 of 2nd period - Shot Misses the Net.
4:18 of 2nd period - Wrist shot by Josh Bailey.
4:18 of 2nd period - Shot Misses the Net.
4:20 of 2nd period - Snap shot by Josh Bailey.
4:20 of 2nd period - Stopped by Kevin Lankinen with a rebound.
4:22 of 2nd period - Snap shot by Josh Bailey.
4:22 of 2nd period - Stopped by Kevin Lankinen with a rebound.
4:34 of 2nd period - Slapshot by Anthony Cirelli.
4:34 of 2nd period - Stopped by Tristan Jarry with a rebound.
4:36 of 2nd period - Snap shot by Martin Necas.
4:36 of 2nd period - Shot Blocked by Tanner Pearson.
4:38 of 2nd period - Slapshot by Anthony Cirelli.
4:38 of 2nd period - Stopped by Tristan Jarry without a rebound.
4:39 of 2nd period - Matt Duchene wins face-off versus Travis Konecny in Blue Jackets zone.
6:13 of 2nd period - Icing by Justin Schultz.
6:14 of 2nd period - Matt Duchene wins face-off versus Anthony Cirelli in Flyers zone.
6:19 of 2nd period - Wrist shot by Tom Wilson.
6:19 of 2nd period - Stopped by Kevin Lankinen without a rebound.
6:20 of 2nd period - Leon Draisaitl wins face-off versus Matt Duchene in Flyers zone.
6:20 of 2nd period - Leon Draisaitl is hit by Josh Bailey.
6:30 of 2nd period - Josh Bailey is hit by Kevin Fiala.
6:36 of 2nd period - Slapshot by Tom Wilson.
6:36 of 2nd period - Shot Misses the Net.
6:51 of 2nd period - Wrist shot by Patrick Kane.
6:51 of 2nd period - Shot Misses the Net.
6:59 of 2nd period - Snap shot by Andreas Athanasiou.
6:59 of 2nd period - Stopped by Kevin Lankinen with a rebound.
7:11 of 2nd period - Wrist shot by Anthony Cirelli.
7:11 of 2nd period - Shot Misses the Net.
7:51 of 2nd period - Dylan Cozens is hit by Brenden Dillon and loses puck.
8:13 of 2nd period - Wrist shot by Brandon Saad.
8:13 of 2nd period - Shot Misses the Net.
8:15 of 2nd period - Snap shot by Vladislav Namestnikov.
8:15 of 2nd period - Blue Jackets goal is going for a video replay.
8:15 of 2nd period - The goal is refused. The puck has been directed, batted or thrown into the net by an attacking player other than with a stick..
8:16 of 2nd period - Vladislav Namestnikov wins face-off versus Anthony Cirelli in Flyers zone.
8:23 of 2nd period - Wrist shot by Andreas Athanasiou.
8:23 of 2nd period - Shot Blocked by Travis Konecny.
8:25 of 2nd period - Slapshot by Vladislav Namestnikov.
8:25 of 2nd period - Stopped by Kevin Lankinen without a rebound.
8:26 of 2nd period - Matt Duchene wins face-off versus Anthony Cirelli in Flyers zone.
8:32 of 2nd period - Slapshot by Erik Cernak.
8:32 of 2nd period - Goal by Erik Cernak - Blue Jackets : 1 - Flyers : 0.
8:33 of 2nd period - Matt Duchene wins face-off versus Leon Draisaitl in neutral zone.
8:42 of 2nd period - Slapshot by Leon Draisaitl.
8:42 of 2nd period - Shot Blocked by Josh Bailey.
8:44 of 2nd period - Snap shot by Leon Draisaitl.
8:44 of 2nd period - Stopped by Tristan Jarry with a rebound.
8:46 of 2nd period - Wrist shot by Leon Draisaitl.
8:46 of 2nd period - Shot Misses the Net.
8:48 of 2nd period - Snap shot by Patrick Kane.
8:48 of 2nd period - Stopped by Tristan Jarry without a rebound.
8:49 of 2nd period - Tyler Seguin wins face-off versus Anthony Cirelli in Blue Jackets zone.
8:55 of 2nd period - Off-side.
8:56 of 2nd period - Anthony Cirelli wins face-off versus Tyler Seguin in neutral zone.
9:07 of 2nd period - Snap shot by Travis Konecny.
9:07 of 2nd period - Shot Misses the Net.
9:09 of 2nd period - Minor Penalty to Tyler Seguin for Holding Stick.
9:10 of 2nd period - Leon Draisaitl wins face-off versus Tom Wilson in Blue Jackets zone.
9:13 of 2nd period - Wrist shot by Leon Draisaitl.
9:13 of 2nd period - Stopped by Tristan Jarry without a rebound.
9:14 of 2nd period - Tom Wilson wins face-off versus Leon Draisaitl in Blue Jackets zone.
10:37 of 2nd period - Noah Hanifin is hit by Andreas Athanasiou and loses puck.
11:00 of 2nd period - Brandon Saad is hit by Leon Draisaitl.
11:09 of 2nd period - Penalty to Tyler Seguin is over, Tyler Seguin is back on ice.
11:10 of 2nd period - Slapshot by Andreas Athanasiou.
11:10 of 2nd period - Shot Blocked by John Marino.
11:16 of 2nd period - Brenden Dillon is hit by John Marino.
11:31 of 2nd period - Wrist shot by Tyler Seguin.
11:31 of 2nd period - Deflect By Andreas Athanasiou.
11:31 of 2nd period - Stopped by Kevin Lankinen without a rebound.
11:32 of 2nd period - Drew O'Connor wins face-off versus Matt Duchene in Flyers zone.
11:39 of 2nd period - Wrist shot by Dylan Cozens.
11:39 of 2nd period - Shot Hit the Post.
11:41 of 2nd period - Slapshot by Justin Schultz.
11:41 of 2nd period - Deflect By Josh Bailey.
11:41 of 2nd period - Stopped by Tristan Jarry with a rebound.
11:43 of 2nd period - Slapshot by Justin Schultz.
11:43 of 2nd period - Deflect By Matt Duchene.
11:43 of 2nd period - Goal by Justin Schultz - Blue Jackets : 1 - Flyers : 1.
11:44 of 2nd period - Anthony Cirelli wins face-off versus Matt Duchene in neutral zone.
11:52 of 2nd period - Minor Penalty to Tom Wilson for Tripping.
11:53 of 2nd period - Josh Bailey wins face-off versus Leon Draisaitl in Blue Jackets zone.
12:02 of 2nd period - Wrist shot by Patrick Kane.
12:02 of 2nd period - Shot Misses the Net.
12:04 of 2nd period - Slapshot by Patrick Kane.
12:04 of 2nd period - Stopped by Tristan Jarry without a rebound.
12:05 of 2nd period - Leon Draisaitl wins face-off versus Andreas Athanasiou in Blue Jackets zone.
13:49 of 2nd period - Travis Konecny is hit by Tanner Pearson and loses puck.
13:52 of 2nd period - Penalty to Tom Wilson is over, Tom Wilson is back on ice.
14:02 of 2nd period - Snap shot by Matt Duchene.
14:02 of 2nd period - Shot Hit the Post.
14:08 of 2nd period - Tom Wilson is hit by Scott Laughton and loses puck.
14:25 of 2nd period - Ryan Suter is hit by Drew O'Connor and loses puck.
15:00 of 2nd period - Brandon Saad is hit by MacKenzie Weegar and loses puck.
16:33 of 2nd period - Icing by Noah Hanifin.
16:34 of 2nd period - Anthony Cirelli wins face-off versus Vladislav Namestnikov in Flyers zone.
16:46 of 2nd period - Justin Holl is hit by Andreas Athanasiou and loses puck.
17:11 of 2nd period - Snap shot by Matt Duchene.
17:11 of 2nd period - Shot Blocked by John Marino.
17:31 of 2nd period - Slapshot by Calle Jarnkrok.
17:31 of 2nd period - Shot Blocked by Tyler Seguin.
17:33 of 2nd period - Snap shot by Jakub Vrana.
17:33 of 2nd period - Shot Misses the Net.
17:51 of 2nd period - Wrist shot by Martin Necas.
17:51 of 2nd period - Stopped by Tristan Jarry without a rebound.
17:52 of 2nd period - Matt Duchene wins face-off versus Anthony Cirelli in Blue Jackets zone.
18:16 of 2nd period - Icing by Matt Duchene.
18:17 of 2nd period - Leon Draisaitl wins face-off versus Matt Duchene in Blue Jackets zone.
18:48 of 2nd period - Scott Laughton is hit by Joonas Donskoi and loses puck.
19:09 of 2nd period - Snap shot by Anthony Cirelli.
19:09 of 2nd period - Shot Misses the Net.
19:11 of 2nd period - Wrist shot by Martin Necas.
19:11 of 2nd period - Stopped by Tristan Jarry with a rebound.
19:13 of 2nd period - Snap shot by Martin Necas.
19:13 of 2nd period - Stopped by Tristan Jarry without a rebound.
19:14 of 2nd period - Leon Draisaitl wins face-off versus Tyler Seguin in Blue Jackets zone.
19:17 of 2nd period - Wrist shot by Leon Draisaitl.
19:17 of 2nd period - Stopped by Tristan Jarry with a rebound.
19:25 of 2nd period - Slapshot by Brenden Dillon.
19:25 of 2nd period - Shot Blocked by MacKenzie Weegar.
19:27 of 2nd period - Slapshot by Tyler Seguin.
19:27 of 2nd period - Shot Misses the Net.
19:29 of 2nd period - Snap shot by Joonas Donskoi.
19:29 of 2nd period - Stopped by Kevin Lankinen without a rebound.
19:30 of 2nd period - Anthony Cirelli wins face-off versus Matt Duchene in Flyers zone.
19:35 of 2nd period - Brenden Dillon is hit by Justin Holl and loses puck.
Goals for this period are 1 for Blue Jackets vs 1 for Flyers.
Shots for this period are 12 for Blue Jackets vs 12 for Flyers.

3rd period


0:01 of 3rd period - Matt Duchene wins face-off versus Leon Draisaitl in neutral zone.
0:10 of 3rd period - Snap shot by Matt Duchene.
0:10 of 3rd period - Shot Misses the Net.
0:12 of 3rd period - Wrist shot by Tom Wilson.
0:12 of 3rd period - Shot Blocked by Noah Hanifin.
0:38 of 3rd period - Snap shot by Tanner Pearson.
0:38 of 3rd period - Stopped by Kevin Lankinen without a rebound.
0:39 of 3rd period - Scott Laughton wins face-off versus Vladislav Namestnikov in Flyers zone.
0:46 of 3rd period - Snap shot by Jakub Vrana.
0:46 of 3rd period - Stopped by Tristan Jarry without a rebound.
0:47 of 3rd period - Scott Laughton wins face-off versus Vladislav Namestnikov in Blue Jackets zone.
0:50 of 3rd period - Wrist shot by Calle Jarnkrok.
0:50 of 3rd period - Shot Misses the Net.
0:52 of 3rd period - Snap shot by Jakub Vrana.
0:52 of 3rd period - Shot Misses the Net.
1:17 of 3rd period - Slapshot by MacKenzie Weegar.
1:17 of 3rd period - Shot Misses the Net.
1:21 of 3rd period - Snap shot by Patrick Kane.
1:21 of 3rd period - Shot Misses the Net.
1:23 of 3rd period - Snap shot by Leon Draisaitl.
1:23 of 3rd period - Shot Misses the Net.
2:02 of 3rd period - Backhand shot by Andreas Athanasiou.
2:02 of 3rd period - Stopped by Kevin Lankinen with a rebound.
2:40 of 3rd period - Wrist shot by Kevin Fiala.
2:40 of 3rd period - Stopped by Tristan Jarry without a rebound.
2:41 of 3rd period - Leon Draisaitl wins face-off versus Brett Howden in Blue Jackets zone.
2:50 of 3rd period - Slapshot by Leon Draisaitl.
2:50 of 3rd period - Deflect By Kevin Fiala.
2:50 of 3rd period - Stopped by Tristan Jarry with a rebound.
2:52 of 3rd period - Slapshot by Justin Holl.
2:52 of 3rd period - Stopped by Tristan Jarry with a rebound.
2:54 of 3rd period - Slapshot by MacKenzie Weegar.
2:54 of 3rd period - Stopped by Tristan Jarry without a rebound.
2:55 of 3rd period - Josh Bailey wins face-off versus Leon Draisaitl in Blue Jackets zone.
3:00 of 3rd period - Kevin Fiala is hit by Tom Wilson and loses puck.
3:09 of 3rd period - Slapshot by Tom Wilson.
3:09 of 3rd period - Stopped by Kevin Lankinen without a rebound.
3:10 of 3rd period - Tyler Seguin wins face-off versus Jakub Vrana in Flyers zone.
3:29 of 3rd period - Tanner Pearson is hit by MacKenzie Weegar and loses puck.
4:12 of 3rd period - Slapshot by Brenden Dillon.
4:12 of 3rd period - Stopped by Kevin Lankinen with a rebound.
4:26 of 3rd period - Wrist shot by Travis Konecny.
4:26 of 3rd period - Shot Misses the Net.
4:34 of 3rd period - Slapshot by Dylan Cozens.
4:34 of 3rd period - Shot Misses the Net.
4:40 of 3rd period - Minor Penalty to Frank Vatrano for High sticking.
4:41 of 3rd period - Leon Draisaitl wins face-off versus Josh Bailey in Blue Jackets zone.
4:42 of 3rd period - Slapshot by Patrick Kane.
4:42 of 3rd period - Shot Blocked by Connor Murphy.
4:44 of 3rd period - Slapshot by Leon Draisaitl.
4:44 of 3rd period - Shot Blocked by Connor Murphy.
5:06 of 3rd period - Icing by Patrick Kane.
5:07 of 3rd period - Tom Wilson wins face-off versus Leon Draisaitl in Flyers zone.
6:40 of 3rd period - Penalty to Frank Vatrano is over, Frank Vatrano is back on ice.
6:44 of 3rd period - Brandon Saad is hit by Leon Draisaitl and loses puck.
6:55 of 3rd period - Snap shot by Andreas Athanasiou.
6:55 of 3rd period - Deflect By Calle Jarnkrok.
6:55 of 3rd period - Stopped by Kevin Lankinen without a rebound.
6:56 of 3rd period - Scott Laughton wins face-off versus Tyler Seguin in Flyers zone.
7:21 of 3rd period - Drew O'Connor is hit by Brandon Saad and loses puck.
7:44 of 3rd period - Wrist shot by Anthony Cirelli.
7:44 of 3rd period - Stopped by Tristan Jarry with a rebound.
7:50 of 3rd period - Patrik Nemeth is hit by Matt Duchene.
8:10 of 3rd period - Janne Kuokkanen is hit by Leon Draisaitl and loses puck.
8:21 of 3rd period - Noah Hanifin is hit by Tanner Pearson and loses puck.
8:28 of 3rd period - Tyler Seguin is hit by Calle Jarnkrok and loses puck.
9:10 of 3rd period - Snap shot by Martin Necas.
9:10 of 3rd period - Stopped by Tristan Jarry with a rebound.
9:12 of 3rd period - Slapshot by Travis Konecny.
9:12 of 3rd period - Shot Blocked by Andreas Athanasiou.
9:42 of 3rd period - Icing by Frank Vatrano.
9:43 of 3rd period - Scott Laughton wins face-off versus Tyler Seguin in Blue Jackets zone.
9:48 of 3rd period - Snap shot by Calle Jarnkrok.
9:48 of 3rd period - Deflect By Joonas Donskoi.
9:48 of 3rd period - Shot Misses the Net.
9:48 of 3rd period - Puck is out of play.
9:49 of 3rd period - Leon Draisaitl wins face-off versus Tyler Seguin in Blue Jackets zone.
9:52 of 3rd period - Wrist shot by Patrick Kane.
9:52 of 3rd period - Stopped by Tristan Jarry without a rebound.
9:53 of 3rd period - Leon Draisaitl wins face-off versus Matt Duchene in Blue Jackets zone.
10:00 of 3rd period - Wrist shot by Patrick Kane.
10:00 of 3rd period - Stopped by Tristan Jarry with a rebound.
10:38 of 3rd period - Martin Necas is hit by Tyler Seguin and loses puck.
10:48 of 3rd period - Off-side.
10:49 of 3rd period - Matt Duchene wins face-off versus Leon Draisaitl in neutral zone.
10:54 of 3rd period - Slapshot by Leon Draisaitl.
10:54 of 3rd period - Shot Misses the Net.
10:56 of 3rd period - Slapshot by John Marino.
10:56 of 3rd period - Deflect By Patrick Kane.
10:56 of 3rd period - Shot Misses the Net.
10:56 of 3rd period - Puck is out of play.
10:57 of 3rd period - Matt Duchene wins face-off versus Leon Draisaitl in Blue Jackets zone.
11:07 of 3rd period - Off-side.
11:08 of 3rd period - Matt Duchene wins face-off versus Leon Draisaitl in neutral zone.
11:11 of 3rd period - Wrist shot by Matt Duchene.
11:11 of 3rd period - Deflect By Josh Bailey.
11:11 of 3rd period - Stopped by Kevin Lankinen with a rebound.
11:13 of 3rd period - Wrist shot by Ryan Suter.
11:13 of 3rd period - Stopped by Kevin Lankinen without a rebound.
11:14 of 3rd period - Matt Duchene wins face-off versus Kevin Fiala in Flyers zone.
11:15 of 3rd period - Backhand shot by Tom Wilson.
11:15 of 3rd period - Stopped by Kevin Lankinen with a rebound.
13:28 of 3rd period - Slapshot by Leon Draisaitl.
13:28 of 3rd period - Shot Misses the Net.
13:30 of 3rd period - Snap shot by Leon Draisaitl.
13:30 of 3rd period - Deflect By Patrick Kane.
13:30 of 3rd period - Shot Misses the Net.
13:30 of 3rd period - Puck is out of play.
13:31 of 3rd period - Matt Duchene wins face-off versus Anthony Cirelli in Blue Jackets zone.
13:36 of 3rd period - Backhand shot by Matt Duchene.
13:36 of 3rd period - Shot Blocked by Noah Hanifin.
14:04 of 3rd period - Snap shot by Joonas Donskoi.
14:04 of 3rd period - Shot Misses the Net.
14:06 of 3rd period - Wrist shot by Mike Reilly.
14:06 of 3rd period - Stopped by Kevin Lankinen with a rebound.
14:28 of 3rd period - Drew O'Connor is hit by Mike Reilly and loses puck.
15:05 of 3rd period - Snap shot by Matt Duchene.
15:05 of 3rd period - Stopped by Kevin Lankinen without a rebound.
15:06 of 3rd period - Matt Duchene wins face-off versus Leon Draisaitl in Flyers zone.
15:11 of 3rd period - Wrist shot by Matt Duchene.
15:11 of 3rd period - Stopped by Kevin Lankinen with a rebound.
15:21 of 3rd period - Wrist shot by Josh Bailey.
15:21 of 3rd period - Stopped by Kevin Lankinen without a rebound.
15:22 of 3rd period - Vladislav Namestnikov wins face-off versus Jakub Vrana in Flyers zone.
15:29 of 3rd period - Patrik Nemeth is hit by Ryan Suter and loses puck.
15:52 of 3rd period - Snap shot by Martin Necas.
15:52 of 3rd period - Shot Misses the Net.
15:58 of 3rd period - Justin Holl is hit by Brenden Dillon and loses puck.
16:40 of 3rd period - Snap shot by Andreas Athanasiou.
16:40 of 3rd period - Shot Blocked by Anthony Cirelli.
16:42 of 3rd period - Slapshot by Andreas Athanasiou.
16:42 of 3rd period - Shot Misses the Net.
16:44 of 3rd period - Wrist shot by Brandon Saad.
16:44 of 3rd period - Goal by Brandon Saad - Blue Jackets : 2 - Flyers : 1.
16:45 of 3rd period - Matt Duchene wins face-off versus Scott Laughton in neutral zone.
16:52 of 3rd period - Slapshot by Matt Duchene.
16:52 of 3rd period - Shot Blocked by John Marino.
16:54 of 3rd period - Snap shot by Connor Murphy.
16:54 of 3rd period - Stopped by Kevin Lankinen with a rebound.
16:56 of 3rd period - Slapshot by Erik Cernak.
16:56 of 3rd period - Stopped by Kevin Lankinen without a rebound.
16:57 of 3rd period - Scott Laughton wins face-off versus Matt Duchene in Flyers zone.
17:58 of 3rd period - Wrist shot by Janne Kuokkanen.
17:58 of 3rd period - Shot Misses the Net.
18:32 of 3rd period - Kevin Fiala is hit by Brenden Dillon and loses puck.
19:01 of 3rd period - Wrist shot by Matt Duchene.
19:01 of 3rd period - Goal by Matt Duchene - Blue Jackets : 3 - Flyers : 1.
19:02 of 3rd period - Scott Laughton wins face-off versus Vladislav Namestnikov in neutral zone.
19:34 of 3rd period - Snap shot by Patrick Kane.
19:34 of 3rd period - Deflect By Kevin Fiala.
19:34 of 3rd period - Shot Misses the Net.
19:34 of 3rd period - Puck is out of play.
19:35 of 3rd period - Tyler Seguin wins face-off versus Calle Jarnkrok in Blue Jackets zone.
19:44 of 3rd period - Snap shot by Jakub Vrana.
19:44 of 3rd period - Stopped by Tristan Jarry with a rebound.
19:46 of 3rd period - Snap shot by Justin Holl.
19:46 of 3rd period - Deflect By Jakub Vrana.
19:46 of 3rd period - Stopped by Tristan Jarry without a rebound.
19:47 of 3rd period - Scott Laughton wins face-off versus Vladislav Namestnikov in Blue Jackets zone.
Goals for this period are 2 for Blue Jackets vs 0 for Flyers.
Shots for this period are 16 for Blue Jackets vs 11 for Flyers. Output by the SimonT Hockey Simulator (STHS) for Eric Tremblay - Original Page W3C HTML5 Valid
Hockey Simulator - Hockey Simulation - Hockey Manager